 Dungeon Crawl Stone Soup version 0.25-a0-1113-g0499d652a8 (webtiles) character file.

Game seed: 10219995924543604507, levelgen mode: classic

539 Amnesiac the Vexing (level 7, 0/59 HPs)
             Began as an Ogre Enchanter on May 17, 2020.
             Slain by a worker ant zombie (3 damage)
             ... on level 5 of the Dungeon.
             The game lasted 00:15:14 (4209 turns).

Amnesiac the Vexing (Ogre Enchanter)                Turns: 4209, Time: 00:15:15

Health: 0/59       AC:  3    Str: 13    XL:     7   Next: 26%
Magic:  2/14       EV: 10    Int: 17    God:
Gold:   245        SH:  0    Dex: 10    Spells: 2/16 levels left

rFire    . . .     SeeInvis .   a - +1 dagger
rCold    . . .     Gourm    .   (no shield)
rNeg     . . .     Faith    .   b - +0 robe
rPois    .         Spirit   .   (helmet restricted)
rElec    .         Reflect  .   (no cloak)
rCorr    .         Harm     .   (gloves unavailable)
MR       .....                  (boots unavailable)
Stlth    ++........             (no amulet)
HPRegen  0.19/turn              (no ring)
MPRegen  0.14/turn              (no ring)

@: lethally poisoned (0 -> -3)
A: large, unfitting armour, tough skin 1
a: no special abilities


You were on level 5 of the Dungeon.
You were not hungry.

You visited 1 branch of the dungeon, and saw 5 of its levels.
You also visited: Sewer.

You collected 245 gold pieces.

Inventory:

Hand Weapons
 a - a +1 dagger (weapon)
 f - a +0 shortbow
Missiles
 h - 7 poisoned darts (quivered)
 n - 7 arrows
Armour
 b - a +0 robe (worn)
Wands
 e - a wand of clouds (4)
Scrolls
 c - 3 scrolls of remove curse {!r}
 k - a scroll of fear {!r}
 l - 4 scrolls of blinking {!r}
 m - a scroll of fog {!r}
Potions
 i - a potion of magic {!q}
 j - a potion of haste {!q}
Comestibles
 d - 7 rations
 g - a chunk of flesh


   Skills:
 - Level 1.0 Short Blades
 - Level 1.7 Dodging
 - Level 3.0 Stealth
 - Level 5.0 Spellcasting
 + Level 2.9 Conjurations
 - Level 5.0 Hexes


You had 2 spell levels left.
You knew the following spells:

 Your Spells              Type           Power        Failure   Level  Hunger
a - Ensorcelled Hibernat  Hex/Ice        ##....       8%          2    #......
b - Corona                Hex            ###....      1%          1    None
e - Mephitic Cloud        Conj/Pois/Air  #.......     28%         3    ###....
v - Blink                 Tloc           N/A          22%         2    #......
w - Tukima's Dance        Hex            ###.....     5%          3    ###....
z - Confusing Touch       Hex            ###.....     5%          3    ###....

Your spell library contained the following spells:

 Spells                   Type           Power        Failure   Level  Hunger
 Slow                     Hex            ###.....     2%          2    #......
 Magic Dart               Conj           ##..         4%          1    None
 Call Imp                 Summ           #.......     22%         2    #......
 Dazzling Flash           Conj/Hex       ###...       9%          3    ###....
 Conjure Flame            Conj/Fire      #.......     24%         3    ###....


Dungeon Overview and Level Annotations

Branches:
Dungeon (5/15)              Sewer (visited)
 Temple: D:4-7

Altars:
The Shining One

Annotations:
D:2 Terence
D:3 1 runed translucent door
D:4 Grinder


Innate Abilities, Weirdness & Mutations

You are too large for most types of armour.
You have tough skin. (AC +1)


Message History

The worker ant bites you.
* * * LOW HITPOINT WARNING * * *
Casting: Ensorcelled Hibernation (safe; 8% risk of failure)
Confirm with . or Enter, or press ? or * to list all spells.
Your hands begin to glow red.
The worker ant misses you.
You hit the worker ant but do no damage.
The worker ant bites you.
* * * LOW HITPOINT WARNING * * *
You are poisoned.
The worker ant poisons you!
You completely miss the worker ant.
You feel sick. The worker ant closely misses you.
You hit the worker ant but do no damage.
The worker ant appears confused.
You feel sick. The worker ant bites you.
* * * LOW HITPOINT WARNING * * *
You are more poisoned.
The worker ant poisons you!
You strike the helpless worker ant from behind!
You puncture the worker ant!
The worker ant is heavily wounded.
* * * LOW HITPOINT WARNING * * *
You feel sick.
You barely miss the worker ant.
The worker ant is heavily wounded.
* * * LOW HITPOINT WARNING * * *
You feel sick.
You barely miss the worker ant.
The worker ant is heavily wounded.
* * * LOW HITPOINT WARNING * * *
You feel sick.
You barely miss the worker ant.
The worker ant is heavily wounded.
* * * LOW HITPOINT WARNING * * *
You feel sick.
Okay, then.
Casting: Confusing Touch (dangerous; 5% risk of failure)
Confirm with . or Enter, or press ? or * to list all spells.
Okay, then.
* * * LOW HITPOINT WARNING * * *
You feel sick.
* * * LOW HITPOINT WARNING * * *
You feel sick.
The worker ant wildly waves its antennae.
Casting: Confusing Touch (dangerous; 5% risk of failure)
Confirm with . or Enter, or press ? or * to list all spells.
You don't have enough magic to cast that spell.
Casting: Confusing Touch (dangerous; 5% risk of failure)
Confirm with . or Enter, or press ? or * to list all spells.
You don't have enough magic to cast that spell.
Your magical contamination has completely faded away.
You see here a jackal skeleton.
* * * LOW HITPOINT WARNING * * *
You feel sick.
* * * LOW HITPOINT WARNING * * *
You feel sick.
* * * LOW HITPOINT WARNING * * *
You feel sick.
There is a stone staircase leading down here.
* * * LOW HITPOINT WARNING * * *
You feel sick.
You climb downwards.
A worker ant zombie comes into view.
The worker ant zombie bites you.
You die...

##.............####
##########...#####.....# #
#............# ##....# #
#............# #....# #
#............# ###.## #
#...........##**** *.###*
#.........#...,,,**##..[,**
########..#####*,,,.#.#*,,,
##.@Z.###***...#****
####...####..#* ###.......#
#####...# #...# #)### ##.#
#..# ######.###


You could see a worker ant zombie.

Vanquished Creatures
  Purgy (Sewer)
  A centaur (D:5)
  A big kobold (Sewer)
  A howler monkey (D:5)
  3 crimson imps
  An iguana (D:5)
  A worker ant (D:4)
  A worker ant zombie (D:5)
  6 adders
  A river rat (D:5)
  3 leopard geckos
  3 orcs
  2 ball pythons (D:5)
  3 giant cockroaches
  3 goblins
  2 hobgoblins
  9 jackals
  7 kobolds
  3 bats
  4 frilled lizards
  3 goblin zombies (D:4)
  2 hobgoblin zombies (D:4)
  2 kobold skeletons (D:4)
  2 orc zombies (D:4)
  4 rats
69 creatures vanquished.

Vanquished Creatures (others)
  An adder (D:5)
1 creature vanquished.

Grand Total: 70 creatures vanquished

Notes
Turn   | Place    | Note
-------+----------+-------------------------------------------
     0 | D:1      | Amnesiac the Ogre Enchanter began the quest for the Orb.
     0 | D:1      | Reached XP level 1. HP: 16/16 MP: 3/3
   139 | D:1      | Reached XP level 2. HP: 14/24 MP: 2/5
   143 | D:1      | Learned a level 2 spell: Ensorcelled Hibernation
   608 | D:1      | Reached XP level 3. HP: 28/31 MP: 1/7
  1021 | D:2      | Reached skill level 1 in Short Blades
  1345 | D:3      | Found a runed translucent door.
  1547 | D:2      | Noticed Terence
  1563 | D:1      | Learned a level 3 spell: Confusing Touch
  2134 | D:2      | Reached XP level 4. HP: 29/39 MP: 3/9
  2241 | D:4      | Noticed Grinder
  2252 | D:3      | Learned a level 3 spell: Tukima's Dance
  2655 | D:5      | Entered Level 5 of the Dungeon
  2655 | D:5      | Noticed a centaur
  2684 | D:5      | Reached XP level 5. HP: 13/45 MP: 1/10
  2830 | D:5      | Killed a centaur
  2830 | D:5      | Reached XP level 6. HP: 20/53 MP: 5/12
  2857 | D:5      | Reached skill level 5 in Hexes
  2931 | D:5      | Learned a level 2 spell: Blink
  2935 | D:5      | Learned a level 3 spell: Mephitic Cloud
  3078 | D:5      | Found a glowing drain.
  3088 | Sewer    | Entered a sewer
  3329 | Sewer    | Noticed Purgy
  3352 | Sewer    | Killed Purgy
  3352 | Sewer    | Reached skill level 5 in Spellcasting
  3352 | Sewer    | Reached skill level 1 in Conjurations
  3381 | Sewer    | HP: 2/53 [poisoned by a kobold]
  3382 | Sewer    | Reached XP level 7. HP: 2/59 MP: 14/14
  3386 | Sewer    | HP: 2/59 [poisoned by a kobold]
  3990 | D:4      | Found a glowing golden altar of the Shining One.
  4209 | D:5      | Slain by a worker ant zombie

Illustrated notes

Levels and vault maps discovered:
D:1:      sevenhm_arrival_forest_fort_large_4, layout_basic,
          minmay_split_cup_small
D:2:      layout_loops_corners, lemuel_round_altar, uniq_crazy_yiuf_cottage,
          uniq_natasha, uniq_terence
D:3:      layout_basic, ebering_ghost_inner_flame
D:4:      layout_rooms, nicolae_tso_besieged_by_evil,
          amethyst_overflow_temple_binary, uniq_pikel, uniq_grinder
D:5:      layout_rooms, portal_sewer_entry_e, first_ration

Skill      XL: |  1  2  3  4  5  6 |
---------------+-------------------+-----
Hexes          | 3 4 5 |  5.0
Short Blades   | 1 |  1.0
Spellcasting   | 3 4 5 |  5.0
Stealth        | 3 |  3.0
Conjurations   | 2 |  2.9
Dodging        | |  1.7

Action                   |  1- 3 |  4- 6 |  7- 9 || total
-------------------------+-------+-------+-------++-------
Melee: Dagger            |   122 |    64 |   125 ||   311
       Unarmed           |       |    28 |       ||    28
 Fire: Shortbow          |       |    10 |     8 ||    18
Throw: Dart              |       |       |     7 ||     7
 Cast: Corona            |    26 |       |       ||    26
       Ensorcelled Hiber |    13 |    18 |    27 ||    58
       Confusing Touch   |     3 |     5 |     1 ||     9
       Mephitic Cloud    |       |     3 |       ||     3
       Blink             |       |     1 |     1 ||     2
  Use: Scroll            |       |     9 |     1 ||    10
       Potion            |       |     6 |       ||     6
 Stab: Sleeping          |     8 |     9 |     9 ||    26
       Confused          |     2 |     3 |     1 ||     6
  Eat: Chunk             |     2 |     4 |     1 ||     7
       Ration            |     1 |       |     1 ||     2
Armor: Robe              |    30 |    19 |    33 ||    82
       Skin              |       |    34 |       ||    34
Dodge: Dodged            |    84 |    67 |    79 ||   230

Table legend:
 A = Non-vault XP
 B = Vault XP
 C = Vault XP percentage of total XP
 D = Non-vault monster count
 E = Vault monster count
 F = Vault count percentage of total count
                 A         B        C        D         E       F
            +---------+---------+-------+---------+---------+-------
      Total |     466 |     304 |  39.5 |      46 |      23 |  33.3
            +---------+---------+-------+---------+---------+-------
        D:1 |      29 |       6 |  17.1 |      17 |       3 |  15.0
        D:2 |      48 |       0 |   0.0 |       8 |       0 |   0.0
        D:3 |       6 |       0 |   0.0 |       3 |       0 |   0.0
        D:4 |      66 |      59 |  47.2 |       5 |      10 |  66.7
        D:5 |     317 |      17 |   5.1 |      13 |       4 |  23.5
      Sewer |       0 |     222 | 100.0 |       0 |       6 | 100.0
            +---------+---------+-------+---------+---------+-------
